 Dungeon Crawl Stone Soup version 0.25-a0-565-g8875c97ebb (webtiles) character file.

Game seed: 5789407639178475501, levelgen mode: deterministic

3768 Flugslaktarn the Cleaver (level 9, 0/88 HPs)
             Began as a Deep Dwarf Fighter on Feb 26, 2020.
             Slain by a death yak (22 damage)
             ... on level 8 of the Dungeon.
             The game lasted 00:02:59 (3276 turns).

Flugslaktarn the Cleaver (Deep Dwarf Fighter)       Turns: 3276, Time: 00:02:59

Health: 0/88       AC: 11    Str: 25    XL:     9   Next: 94%
Magic:  4/4        EV:  8    Int:  6    God:
Gold:   193        SH: 11    Dex: 12    Spells: 8/8 levels left

rFire    + . .     SeeInvis .   a - +0 war axe
rCold    . . .     Gourm    .   c - +0 kite shield
rNeg     . . .     Faith    .   b - +0 scale mail
rPois    .         Spirit   .   l - +2 helmet of Pride {rF+ MR++ Str+4 Int-5}
rElec    .         Reflect  .   (no cloak)
rCorr    .         Harm     .   (no gloves)
MR       +++..                  (no boots)
Stlth    ..........             (no amulet)
HPRegen  0.00/turn              (no ring)
MPRegen  0.09/turn              (no ring)

@: non-regenerating
A: damage resistance, heal wounds, sense surroundings 2, no regeneration
a: Heal Wounds


You were on level 8 of the Dungeon.
You were not hungry.

You visited 2 branches of the dungeon, and saw 9 of its levels.
You also visited: Ossuary.

You collected 253 gold pieces.
You spent 60 gold pieces at shops.

Inventory:

Hand Weapons
 a - a +0 war axe (weapon)
Missiles
 i - a throwing net (quivered)
Armour
 b - a +0 scale mail (worn)
 c - a +0 kite shield (worn)
 l - the +2 helmet of Pride (worn) {rF+ MR++ Str+4 Int-5}
   (You took it off Robin on level 3 of the Dungeon)

   It affects your strength (+4).
   It affects your intelligence (-5).
   It protects you from fire.
   It affects your resistance to hostile enchantments.
   If you remove this armour, your AC will decrease by 4 (11 -> 7).
 p - a +0 helmet
   (You found it on level 1 of the Dungeon)
Scrolls
 f - 2 scrolls of fear
 k - a scroll of magic mapping
 m - a scroll of vulnerability
 o - a scroll of random uselessness {unknown}
 r - 2 scrolls of identify
 s - a scroll of fog
 t - a scroll of teleportation
Potions
 d - a potion of might
 g - 2 potions of lignification
 h - 2 potions of haste
 j - a potion of mutation
 n - 2 potions of resistance
 q - a potion of curing
 w - a potion of heal wounds
Comestibles
 e - 6 rations
 u - 2 chunks of flesh


   Skills:
 * Level 8.0 Fighting
 * Level 9.3 Axes
 + Level 7.2 Armour
 + Level 7.2 Shields


You had 8 spell levels left.
You didn't know any spells.
Your spell library was empty.

Dungeon Overview and Level Annotations

Branches:
Dungeon (8/15)             Temple (1/1) D:5         Ossuary (visited)
   Lair: D:8-11

Altars:
Ashenzari
Dithmenos
Elyvilon
Fedhas
Gozag
Kikubaaqudgha
Okawaru
Ru
Sif Muna
Trog
Uskayaw
Wu Jian
Xom
Yredelemnul
Zin

Shops:
D:5 *


Innate Abilities, Weirdness & Mutations

You are resistant to damage.
You can heal yourself by infusing magical energy.
You passively map the area around you.
You do not regenerate.


Message History

You hear an angry buzzing noise.
You hit the death yak.
The death yak is heavily wounded.
You hear an angry buzzing noise.
A killer bee comes into view.
The death yak barely misses you.
You hear a bellow! x5
You hit the death yak but do no damage.
The death yak is heavily wounded.
The death yak gores you!
* * * LOW HITPOINT WARNING * * *
You block the killer bee's attack.
The death yak gores you but does no damage.
You are too injured to fight recklessly!
You are too injured to fight recklessly!
You hit the death yak.
The death yak is severely wounded.
You hit the killer bee. You block the killer bee's attack.
The killer bee barely misses you. The death yak gores you!!
You die...

* , , , , , ,
........... , ,
, * ............
, ** * *
............. ,,
,, .............
, ,$...........
, , ..........#
, ,, ,
....(.....#, ,
###....)y@# , ,
, #......†Y.# ,
#......)### , ,
,, , *#.......#
* * , *
.........###.# ,
,, ,
.....###.....# ,
...............#
,
...............#
,
.........##....#
*


You could see a death yak and a killer bee.

Vanquished Creatures
  A two-headed ogre (D:6)
  Duvessa (D:4)
  A water moccasin (D:5)
  3 ice beasts
  An orc warrior (D:8)
  2 phantoms
  2 sky beasts
  4 ogres
  2 centaurs (D:6)
  5 bullfrogs
  Dowan (D:4)
  A scorpion (D:5)
  5 killer bees (D:7)
  A howler monkey (D:4)
  2 centaur zombies
  4 crimson imps
  A quasit (D:6)
  A hound (D:8)
  2 jellies
  2 orc wizards
  A bullfrog skeleton (D:4)
  A centaur skeleton (D:7)
  3 orc priests
  An iguana (D:4)
  A worker ant (D:4)
  5 big kobold zombies (Ossuary)
  A hound zombie (D:5)
  3 hound skeletons
  6 mummies
  Robin (D:3)
  3 gnolls (D:6)
  7 adders
  A shadow imp (D:6)
  An ooze (D:7)
  2 adder zombies (D:7)
  2 adder skeletons (D:5)
  A worm (D:4)
  2 dart slugs
  4 leopard geckos
  13 orcs
  A bat (D:3)
  3 giant cockroaches
  13 goblins (D:3)
  A hobgoblin (D:3)
  13 jackals
  4 quokkas
  A ball python (D:4)
  3 frilled lizards
  2 hobgoblin zombies (Ossuary)
  4 kobolds
  A rat (D:2)
147 creatures vanquished.

Notes
Turn   | Place    | Note
-------+----------+-------------------------------------------
     0 | D:1      | Flugslaktarn the Deep Dwarf Fighter began the quest for the
                  | Orb.
     0 | D:1      | Reached XP level 1. HP: 20/20 MP: 1/1
    80 | D:2      | Reached XP level 2. HP: 27/27 MP: 2/2
   103 | D:2      | Reached skill level 3 in Axes
   103 | D:2      | Reached XP level 3. HP: 34/34 MP: 3/3
   119 | D:3      | Found an ornate altar of the Wu Jian Council.
   134 | D:3      | Identified the +2 helmet of Pride {rF+ MR++ Str+4 Int-5}
   134 | D:3      | Noticed Robin
   158 | D:3      | Killed Robin
   162 | D:3      | Reached XP level 4. HP: 16/42 MP: 4/4
   364 | D:4      | Reached XP level 5. HP: 50/50 MP: 5/5
   370 | D:4      | Noticed a phantom
   377 | D:4      | Reached skill level 4 in Axes
   409 | D:4      | Killed a phantom
   409 | D:4      | Reached XP level 6. HP: 44/57 MP: 6/6
   454 | D:4      | Found a sand-covered staircase.
   464 | Ossuary  | Entered an ossuary
   537 | Ossuary  | Reached skill level 5 in Axes
   639 | D:4      | Reached XP level 7. HP: 43/66 MP: 6/6
   827 | D:4      | You fall into a shaft and drop 3 floors!
   855 | D:7      | Reached skill level 5 in Fighting
   920 | D:5      | Entered Level 5 of the Dungeon
  1007 | D:5      | Reached skill level 5 in Armour
  1007 | D:5      | Reached skill level 5 in Shields
  1143 | D:4      | Reached skill level 6 in Axes
  1187 | D:4      | Noticed Duvessa
  1187 | D:4      | Noticed Dowan
  1201 | D:4      | Killed Duvessa
  1201 | D:4      | Reached XP level 8. HP: 44/75 MP: 5/5
  1206 | D:4      | Killed Dowan
  1391 | D:5      | Found a staircase to the Ecumenical Temple.
  1416 | Temple   | Entered the Ecumenical Temple
  1556 | D:5      | Found a bloodstained altar of Trog.
  1891 | D:5      | Found Toroar's General Store.
  1897 | D:5      | Bought a potion of heal wounds for 60 gold pieces
  2024 | D:6      | Reached skill level 7 in Axes
  2475 | D:6      | Gained mutation: You passively map the area around you.
                  | [Deep Dwarf growth]
  2475 | D:6      | Reached XP level 9. HP: 51/85 MP: 5/5
  2642 | D:6      | Reached skill level 8 in Axes
  2764 | D:6      | Noticed a two-headed ogre
  2776 | D:6      | Killed a two-headed ogre
  2910 | D:7      | Reached skill level 9 in Axes
  3249 | D:8      | Noticed a death yak
  3276 | D:8      | Slain by a death yak

Levels and vault maps discovered:
D:1:      lightli_arrival_lavapool, layout_basic
D:2:      layout_loops_ring, chequers_temple_overflow_minitemple, first_ration,
          nicolae_underground_beach
D:3:      layout_basic, lemuel_crystal_altar, uniq_robin, uniq_ijyb,
          uniq_jessica
D:4:      layout_loops_cross, gup_ossuary_entry_pyramid, uniq_duvessa
D:5:      layout_loops_ring, bloody_trog, minmay_temple_entry_overgrown,
          serial_shops, shop_statue
D:6:      layout_basic
D:7:      layout_basic, nicolae_overflow_hidden_temple, grunt_livestock,
          kennysheep_nondescript, minmay_quadrilaterals
D:8:      gammafunk_corrupted_shrine, layout_basic, dpeg_lair_monsters,
          hangedman_abyss_or_decor_jellyfish_corner, uniq_erica
Temple:   dshaligram_water_room_temple

Skill      XL: |  1  2  3  4  5  6  7  8  9 |
---------------+----------------------------+-----
Fighting       | 3 4 5 6 8 |  8.0
Axes           | 3 4 5 6 7 9 |  9.3
Shields        | 4 5 6 7 |  7.2
Armour         | 4 5 6 7 |  7.2

Action                   |  1- 3 |  4- 6 |  7- 9 || total
-------------------------+-------+-------+-------++-------
Melee: War axe           |    43 |   144 |   436 ||   623
 Abil: Heal Wounds       |       |     6 |    18 ||    24
  Use: Scroll            |       |     6 |     7 ||    13
  Eat: Chunk             |       |       |     9 ||     9
Armor: Scale mail        |    38 |    55 |   185 ||   278
Dodge: Dodged            |    20 |    52 |   152 ||   224
Block: Kite shield       |    33 |    77 |   273 ||   383

Table legend:
 A = Non-vault XP
 B = Vault XP
 C = Vault XP percentage of total XP
 D = Non-vault monster count
 E = Vault monster count
 F = Vault count percentage of total count
                 A         B        C        D         E       F
            +---------+---------+-------+---------+---------+-------
      Total |    4813 |     570 |  10.6 |     119 |      28 |  19.0
            +---------+---------+-------+---------+---------+-------
        D:1 |       1 |       0 |   0.0 |       1 |       0 |   0.0
        D:2 |      53 |       0 |   0.0 |       6 |       0 |   0.0
        D:3 |      93 |      36 |  27.9 |      20 |      12 |  37.5
        D:4 |     660 |     262 |  28.4 |      23 |       3 |  11.5
        D:5 |     392 |       0 |   0.0 |      18 |       0 |   0.0
        D:6 |    2263 |       0 |   0.0 |      27 |       0 |   0.0
        D:7 |    1094 |       0 |   0.0 |      19 |       0 |   0.0
        D:8 |     257 |       0 |   0.0 |       5 |       0 |   0.0
    Ossuary |       0 |     272 | 100.0 |       0 |      13 | 100.0
            +---------+---------+-------+---------+---------+-------
